 Dungeon Crawl Stone Soup version 0.24-a0-201-gf205589 (webtiles) character file.

Game seed: 632524798580826079

84 Borgoz the Cutter (level 4, 0/38 HPs)
             Began as a Ghoul Monk on Mar 23, 2019.
             Slain by Terence
             ... wielding a +0 short sword
              (4 damage)
             ... on level 2 of the Dungeon.
             The game lasted 00:02:42 (1746 turns).

Borgoz the Cutter (Ghoul Monk)                      Turns: 1746, Time: 00:02:43

Health: 0/38       AC:  2    Str: 15    XL:     4   Next: 45%
Magic:  3/3        EV: 13    Int:  5    God:
Gold:   84         SH:  0    Dex: 11    Spells: 3/3 levels left

rFire    . . .     SeeInvis .   k - +1 short sword (vamp)
rCold    + . .     Gourm    .   (no shield)
rNeg     + + +     Faith    .   b - +0 robe
rPois    ∞         Spirit   .   (no helmet)
rElec    .         Reflect  .   (no cloak)
rCorr    .         Harm     .   (no gloves)
MR       .....                  (no boots)
Stlth    ++........             (no amulet)
HPRegen  0.00/turn              (no ring)
MPRegen  0.08/turn              (no ring)

@: rotting
A: rotting body, claws 1, carnivore, cold resistance 1, negative energy
resistance 3, inhibited regeneration, torment resistance, unbreathing
a: no special abilities


You were on level 2 of the Dungeon.
You were not hungry.

You visited 1 branch of the dungeon, and saw 2 of its levels.

You collected 84 gold pieces.

Inventory:

Hand Weapons
 a - a +0 short sword
 k - a +1 vampiric short sword (weapon)
Armour
 b - a +0 robe (worn)
Scrolls
 d - 3 scrolls of remove curse {unknown}
 f - 2 scrolls of identify {unknown}
 h - a scroll of magic mapping {unknown}
 j - a scroll of enchant armour {unknown}
 l - a scroll of amnesia {unknown}
 m - 2 scrolls of teleportation {unknown}
 n - a scroll of enchant weapon {unknown}
Potions
 e - a potion of curing {unknown}
 g - 2 potions of brilliance {unknown}
 i - 2 potions of heal wounds
Comestibles
 c - 4 rations


   Skills:
 - Level 3.2 Fighting
 * Level 3.8 Short Blades
 + Level 1.5 Armour
 + Level 3.2 Dodging
 - Level 2.1 Stealth


You had 3 spell levels left.
You didn't know any spells.
Your spell library was empty.

Dungeon Overview and Level Annotations

Branches:
Dungeon (2/15)

Altars:

Annotations:
D:2 Terence


Innate Abilities, Weirdness & Mutations

Your body is rotting away.
You thrive on raw meat.
You are immune to poison.
You have sharp fingernails.
You are carnivorous and can eat meat at any time.
Your flesh is cold resistant. (rC+)
You are immune to negative energy. (rN+++)
You do not regenerate when monsters are visible.
You are immune to unholy pain and torment.
You can survive without breathing.


Message History

Terence is almost dead.
Terence hits you with a +0 short sword.
You barely miss Terence.
Terence is almost dead.
Terence hits you with a +0 short sword.
* * * LOW HITPOINT WARNING * * *
You hit Terence.
Terence is almost dead.
Terence hits you but does no damage.
You closely miss Terence.
Terence is almost dead.
Terence hits you with a +0 short sword.
* * * LOW HITPOINT WARNING * * *
You barely miss Terence.
Terence is almost dead.
Terence barely misses you.
You barely miss Terence.
Terence is almost dead.
Terence hits you with a +0 short sword.
You die...

....(..........#
.$........(....#
...............#
...............#
...............#
.........r.....#
.........@....r#
......########@#
...... #@#
###### #.....#
#######


You could see Terence and a rat.

Vanquished Creatures
  2 adders (D:2)
  A gnoll (D:1)
  An ooze (D:2)
  A worm (D:2)
  A dart slug (D:2)
  2 bats
  2 giant cockroaches (D:1)
  3 goblins
  5 hobgoblins
  10 jackals (D:1)
  4 kobolds
  A ball python (D:1)
  3 frilled lizards
  9 rats
45 creatures vanquished.

Notes
Turn   | Place    | Note
-------+----------+-------------------------------------------
     0 | D:1      | Borgoz the Ghoul Monk began the quest for the Orb.
     0 | D:1      | Reached XP level 1. HP: 19/19 MP: 0/0
   100 | D:1      | Reached XP level 2. HP: 20/26 MP: 1/1
   360 | D:1      | Reached XP level 3. HP: 24/31 MP: 2/2
   373 | D:1      | Reached skill level 1 in Armour
  1368 | D:2      | Reached XP level 4. HP: 32/38 MP: 3/3
  1707 | D:2      | Noticed Terence
  1746 | D:2      | Slain by Terence

Levels and vault maps discovered:
D:1:      tarquinn_simple_flora_water_a, layout_basic, minmay_small_reverse_x
D:2:      layout_basic, uniq_crazy_yiuf_cottage, uniq_terence

Skill      XL: |  1  2  3 |
---------------+----------+-----
Short Blades   | 3 |  3.8
Dodging        | 3 |  3.2
Armour         | 1 |  1.5
Fighting       | |  3.2
Stealth        | |  2.1

Action                   |  1- 3 |  4- 6 || total
-------------------------+-------+-------++-------
Melee: Short sword       |   154 |    63 ||   217
 Stab: Sleeping          |     2 |     1 ||     3
  Eat: Chunk             |    12 |     1 ||    13
Armor: Robe              |    24 |     1 ||    25
Dodge: Dodged            |   132 |    35 ||   167

Table legend:
 A = Non-vault XP
 B = Vault XP
 C = Vault XP percentage of total XP
 D = Non-vault monster count
 E = Vault monster count
 F = Vault count percentage of total count
                 A         B        C        D         E       F
            +---------+---------+-------+---------+---------+-------
      Total |     114 |       6 |   5.0 |      41 |       4 |   8.9
            +---------+---------+-------+---------+---------+-------
        D:1 |      55 |       6 |   9.8 |      25 |       4 |  13.8
        D:2 |      59 |       0 |   0.0 |      16 |       0 |   0.0
            +---------+---------+-------+---------+---------+-------
